 Dungeon Crawl Stone Soup version 0.32-a0-913-g739538afd8 (webtiles) character file.

Game seed: 16732349855686886228

2069 Gargoyl the Cleaver (level 9, -2/55 HPs)
             Began as a Gargoyle Berserker on Apr 9, 2024.
             Was a Priest of Trog.
             Slain by a gnoll sergeant
             ... wielding a +0 trident
              (6 damage)
             ... on level 7 of the Dungeon.
             The game lasted 00:07:29 (5251 turns).

Gargoyl the Cleaver (Gargoyle Berserker)            Turns: 5251, Time: 00:07:30

Health: -2/55      AC: 16    Str: 21    XL:     9   Next: 26%
Magic:  9/9        EV: 12    Int:  8    God:    Trog [***...]
Gold:   0          SH:  0    Dex: 13    Spells: 8/8 levels left

rFire   + . .        a - +1 hand axe
rCold   + . .        (no shield)
rNeg    + . .        m - +0 steam dragon scales
rPois   ∞            (no helmet)
rElec   +            g - +2 cloak
rCorr   +            (no gloves)
SInv    +            (no boots)
Will    .....        (no amulet)
Stlth   ++           f - ring of see invisible
HPRegen 0.29/turn    l - ring of resist corrosion
MPRegen 0.11/turn

%: no passive effects
@: resistant, on berserk cooldown, attractive, slowed, very slow
A: sickness immunity, AC +6, negative energy resistance 1, electricity
resistance, torment resistance 1, petrification resistance
a: Renounce Religion, Berserk, Trog's Hand


You were on level 7 of the Dungeon.
You worshipped Trog.
Trog was most pleased with you.
You visited 1 branch of the dungeon, and saw 7 of its levels.
You also visited: Sewer.

Inventory:

Hand Weapons
 a - a +1 hand axe (weapon)
Missiles
 b - 8 poisoned darts (quivered)
Armour
 g - a +2 cloak (worn)
 m - +0 steam dragon scales (worn)
Jewellery
 f - a ring of see invisible (left hand)
 l - a ring of resist corrosion (right hand)
Scrolls
 d - 5 scrolls of teleportation
 e - a scroll of enchant armour
 j - a scroll of noise
 n - a scroll of immolation
Potions
 c - a potion of resistance
 h - 2 potions of attraction
 i - a potion of invisibility {unknown}
 k - a potion of curing {unknown}


   Skills:
 + Level 6.1 Fighting
 + Level 8.0 Axes
 + Level 0.1 Throwing
 + Level 6.1 Armour
 + Level 4.0 Dodging
 + Level 1.4 Stealth


You had 8 spell levels left.
You didn't know any spells.
Your spell library was empty.

Dungeon Overview and Level Annotations

Branches:
Dungeon (7/15)              Sewer (visited)
 Temple: D:4-7

Altars:
Fedhas
Sif Muna

Shops:
D:1 =:

Annotations:
D:7 Maurice


Innate Abilities, Weirdness & Mutations

You are immune to sickness and miasma.
Your stone body is resilient. (AC +6)
You are immune to poison.
You resist negative energy. (rN+)
You are resistant to electric shocks. (rElec)
You are resistant to unholy torment.
You are immune to petrification.


Message History

The kobold brigand hits you but does no damage.
The kobold hits you but does no damage. The gnoll sergeant barely misses you.
The kobold brigand barely misses you. The kobold hits you but does no damage.
The gnoll sergeant hits you from afar with a +0 trident.
* * * LOW HITPOINT WARNING * * *
The kobold brigand hits you with a +0 club.
* * * LOW HITPOINT WARNING * * *
The gnoll sergeant hits you but does no damage.
The kobold hits you but does no damage. The kobold brigand barely misses you.
Maurice hits you with a +0 short sword.
* * * LOW HITPOINT WARNING * * *
Maurice steals 418 gold pieces!
You now have 0 gold pieces.
Maurice barely misses you. The kobold hits you but does no damage.
The gnoll sergeant hits you but does no damage.
The kobold brigand completely misses you.
You can move again.
You slash the kobold brigand!
You kill the kobold brigand!
Trog accepts your kill.
You hit the kobold.
You kill the kobold!
Trog accepts your kill.
You slash Maurice!
Your Fighting skill increases to level 6!
You are no longer berserk.
You are exhausted.
You feel yourself slow down.
The gnoll sergeant hits you but does no damage.
Items here: ( ))) [.
Unknown command.
It was a potion of attraction.
You feel attractive to monsters. The gnoll sergeant closely misses you.
Maurice unwields a +0 short sword.
Maurice drops a +0 short sword.
Maurice picks up a +0 halberd of venom.
Maurice wields a +0 halberd of venom.
It begins to drip with poison!
It was a potion of resistance.
You feel protected.
The gnoll sergeant hits you with a +0 trident.
You die...

###)))### #.####
.......######.########
......................
......###.###########.
.###.......######
#..#####......#######
#.. ######..†....#.#
... ##.)........
#.g@f)...#..
#...))....!.#
#...........#
...............
###............
#..........#.
##.........#
.>.........


You could see Maurice (invisible) and a gnoll sergeant.

Vanquished Creatures
  2 steam dragons
  2 ice beasts
  A black bear (D:6)
  A crocodile (Sewer)
  2 ogres
  3 phantoms
  A kobold brigand (D:7)
  A bullfrog (D:6)
  A brain worm (Sewer)
  A scorpion (D:5)
  A howler monkey (D:6)
  A quasit (D:6)
  A jelly (D:6)
  3 bombardier beetles
  3 hounds
  3 iguanas (D:5)
  3 orc wizards
  10 adders
  4 gnolls (D:7)
  7 shadow imps
  4 white imps
  3 ufetubi (D:6)
  2 dart slugs (D:2)
  2 ribbon worms (D:2)
  18 orcs
  12 ball pythons
  8 endoplasms
  6 giant cockroaches
  4 goblins
  7 hobgoblins
  11 quokkas
  10 bats
  6 frilled lizards
  8 kobolds
  7 rats
159 creatures vanquished.

Vanquished Creatures (others)
  A shadow imp (D:7)
1 creature vanquished.

Grand Total: 160 creatures vanquished

Notes
Turn   | Place    | Note
-------+----------+-------------------------------------------
     0 | D:1      | Gargoyl the Gargoyle Berserker began the quest for the Orb.
     0 | D:1      | Reached XP level 1. HP: 14/14 MP: 1/1
    84 | D:1      | Found Haepn's One-of-a-Kind Rings.
   161 | D:1      | Found Siplin's Vocational Training.
   226 | D:1      | Reached XP level 2. HP: 19/19 MP: 2/2
   330 | D:1      | Reached skill level 3 in Axes
   826 | D:1      | Reached XP level 3. HP: 24/24 MP: 3/3
  1112 | D:2      | Reached ** piety under Trog
  1185 | D:2      | Found a shimmering blue altar of Sif Muna.
  1350 | D:2      | Reached XP level 4. HP: 26/29 MP: 4/4
  1781 | D:3      | Reached skill level 1 in Stealth
  1841 | D:3      | Found a glowing drain.
  1867 | Sewer    | Entered a sewer
  1901 | Sewer    | Noticed a brain worm
  1910 | Sewer    | Killed a brain worm
  1911 | Sewer    | Reached skill level 4 in Axes
  1911 | Sewer    | Reached XP level 5. HP: 33/33 MP: 5/5
  2069 | Sewer    | Noticed a crocodile
  2082 | Sewer    | Killed a crocodile
  2083 | Sewer    | Reached XP level 6. HP: 38/38 MP: 6/6
  2257 | D:3      | Found a faded altar of an unknown god.
  2288 | D:3      | Noticed an ice beast
  2302 | D:3      | Killed an ice beast
  2303 | D:3      | Reached skill level 5 in Axes
  2652 | D:4      | Reached *** piety under Trog
  2825 | D:4      | Reached XP level 7. HP: 25/44 MP: 7/7
  3508 | D:5      | Entered Level 5 of the Dungeon
  3748 | D:5      | Reached skill level 6 in Axes
  3925 | D:5      | Found a blossoming altar of Fedhas.
  3941 | D:5      | Reached XP level 8. HP: 46/48 MP: 8/8
  3999 | D:5      | Reached skill level 5 in Armour
  4367 | D:6      | Reached skill level 5 in Fighting
  4367 | D:6      | Reached skill level 7 in Axes
  4636 | D:6      | Reached XP level 9. HP: 40/54 MP: 9/9
  5231 | D:7      | Noticed Maurice
  5239 | D:7      | Reached skill level 8 in Axes
  5242 | D:7      | Paralysed by Maurice for 5 turns
  5247 | D:7      | Maurice stole 418 gold
  5251 | D:7      | Slain by a gnoll sergeant

Illustrated notes

Levels and vault maps discovered:
D:1:      minmay_arrival_semitransparent, layout_loops_corners,
          nicolae_shop_unique_rings, nrook_uturn, nicolae_shop_vocational
D:2:      layout_rooms, basic_altar
D:3:      layout_basic, hellmonk_ecumenical_altar_zigzags, gup_sewer_entry_pipe,
          corexii_corridor_pit
D:4:      layout_basic, grunt_decor_mini_mirrors, st_stairs_10,
          kennysheep_pointless_box
D:5:      layout_basic, mainiacjoe_overflow_24_doors, dreamdust_wishing_well
D:6:      layout_basic, serial_demonic, serial_demonic_d, serial_demonic_d,
          serial_demonic_b, serial_demonic_a, minmay_misc_feat_chi,
          grunt_decor_cap
D:7:      layout_rooms, dancing_weapons_uskayaw,
          minmay_temple_entry_gardened_gates, uniq_maurice

Skill      XL: |  1  2  3  4  5  6  7  8  9 |
---------------+----------------------------+-----
Axes           | 3 4 5 6 7 8 |  8.0
Dodging        | 2 3 4 |  4.0
Stealth        | 1 |  1.4
Fighting       | 4 5 6 |  6.1
Armour         | 3 4 6 |  6.1
Throwing       | |  0.1

Action                     |  1- 3 |  4- 6 |  7- 9 || total
---------------------------+-------+-------+-------++-------
  Melee: Hand axe          |   134 |   119 |   355 ||   608
  Throw: Dart              |       |       |     2 ||     2
 Invoke: Berserk           |     1 |     5 |     8 ||    14
         Trog's Hand       |       |     2 |     3 ||     5
    Use: Scroll            |     3 |     2 |     3 ||     8
         Potion            |       |     1 |     3 ||     4
   Stab: Sleeping          |     2 |       |       ||     2
 Armour: Animal skin       |   108 |       |       ||   108
         Scale mail        |       |   119 |   293 ||   412
         Steam dragon scal |       |       |   129 ||   129
  Dodge: Dodged            |    88 |    95 |   299 ||   482

Table legend: (Time is in decaauts)
 A = Elapsed time spent in this place.
 B = Non-inter-level travel time spent in this place.
 C = Inter-level travel time spent in this place.
 D = Time resting spent in this place.
 E = Time spent auto-exploring this place.
 F = Levels seen in this place.
 G = Mean time per level.
                   A        B        C        D        E       F      G
               +--------+--------+--------+--------+--------+-----+--------+
         Total |   5379 |   5208 |    171 |    505 |   3105 |   8 |  672.4 |
       Dungeon |   5094 |   4923 |    171 |    342 |   3078 |   7 |  727.7 |
         Sewer |    285 |    285 |      0 |    163 |     27 |   1 |  285.0 |
               +--------+--------+--------+--------+--------+-----+--------+

Top non-repeatable levels by time:
     D:1: 1030 daAuts
     D:3: 899 daAuts
     D:5: 861 daAuts
     D:6: 849 daAuts
     D:4: 767 daAuts
     D:2: 609 daAuts
   Sewer: 285 daAuts
     D:7: 75 daAuts
